 Dungeon Crawl Stone Soup version 0.31-a0-232-gb1c03b2570 (webtiles) character file.

Game seed: 11408581463195431223

115 qw the Shooter (level 5, 0/30 HPs)
             Began as a Gargoyle Hexslinger on July 6, 2023.
             Slain by Pargi (2 damage)
             ... in a sewer.
             The game lasted 00:00:51 (2256 turns).

qw the Shooter (Gargoyle Hexslinger)                Turns: 2256, Time: 00:00:52

Health: 0/30       AC:  9    Str: 11    XL:     5   Next: 0%
Magic:  6/6        EV: 11    Int: 14    God:
Gold:   145        SH:  0    Dex: 14    Spells: 5/6 levels left

rFire   . . .        Y - +1 sling
rCold   + . .        (no shield)
rNeg    + . .        e - +0 leather armour
rPois   inf          (no helmet)
rElec   +            j - +0 cloak
rCorr   .            b - +0 pair of gloves
SInv    .            (no boots)
Will    .....        (no amulet)
Stlth   +            (no ring)
HPRegen 0.25/turn    (no ring)
MPRegen 0.10/turn

%: no passive effects
@: about to teleport
A: sickness immunity, AC +4, negative energy resistance 1, electricity
resistance, torment resistance 1, petrification resistance, cold resistance 1
a: no special abilities


You were in a sewer.
You visited 1 branch of the dungeon, and saw 3 of its levels.
You also visited: Sewer.

You collected 145 gold pieces.


Innate Abilities, Weirdness & Mutations

You are immune to sickness and miasma.
Your stone body is resilient. (AC +4)
You are immune to poison.
You resist negative energy. (rN+)
You are resistant to electric shocks. (rElec)
You are resistant to unholy torment.
You are immune to petrification.
Your flesh is cold resistant. (rC+)


   Skills:
 - Level 2.0 Fighting
 + Level 4.7 Ranged Weapons
 - Level 1.5 Dodging
 - Level 1.0 Spellcasting
 - Level 2.6 Hexes


You had 5 spell levels left.
You knew the following spells:

 Your Spells              Type           Power      Damage    Failure   Level
a - Slow                  Hex            32%        N/A       12%         1

Your spell library contained the following spells:

 Spells                   Type           Power      Damage    Failure   Level
 Inner Flame              Hex/Fire       4%         N/A       52%         3
 Portal Projectile        Hex/Tloc       8%         N/A       52%         3
 Cause Fear               Hex            4%         N/A       75%         4

Inventory:

Hand Weapons
 Y - a +1 sling (weapon)
Armour
 b - a +0 pair of gloves (worn)
 e - a +0 leather armour (worn)
 j - a +0 cloak (worn)
Jewellery
 g - the ring of Vogegg {Will+ AC+4 Int+2}
   (You found it in a sewer)

   [ring of protection]

   AC:        It affects your AC (+4).
   Int:       It affects your intelligence (+2).
   Will:      It increases your willpower.
Scrolls
 a - 2 scrolls of identify
 c - 3 scrolls of teleportation
 k - a scroll of brand weapon {unknown}
Potions
 d - a potion of might
 f - 2 potions of enlightenment
 h - a potion of curing
 i - 2 potions of mutation

Dungeon Overview and Level Annotations

Branches:
Dungeon (3/15)              Sewer (1/1)

Altars:

Annotations:
Sewer Pargi


Message History

The sling bullet hits Pargi but does no damage.
Pargi bites you. Pargi claws you but does no damage. Pargi claws you.
You shoot a sling bullet. The sling bullet misses Pargi.
Pargi bites you. Pargi closely misses you. x2
You shoot a sling bullet.
The sling bullet hits Pargi but does no damage.
Pargi bites you but does no damage. Pargi misses you. x2
You shoot a sling bullet. The sling bullet hits Pargi.
Pargi is lightly wounded.
Pargi closely misses you. Pargi claws you but does no damage. x2
Pargi bites you. Pargi claws you but does no damage. Pargi closely misses you.
You shoot a sling bullet. The sling bullet hits Pargi.
Pargi is lightly wounded.
Pargi bites you. Pargi claws you but does no damage. x2
You shoot a sling bullet. The sling bullet hits Pargi!
Pargi is moderately wounded.
Pargi closely misses you. Pargi claws you but does no damage.
Pargi barely misses you.
You shoot a sling bullet.
The sling bullet hits Pargi but does no damage.
Pargi is moderately wounded.
Pargi bites you but does no damage. Pargi claws you but does no damage.
Pargi barely misses you.
You shoot a sling bullet. The sling bullet hits Pargi.
Pargi is moderately wounded.
Pargi barely misses you. Pargi claws you but does no damage. Pargi claws you.
You shoot a sling bullet. The sling bullet hits Pargi.
Pargi is moderately wounded.
Pargi misses you. Pargi closely misses you. Pargi claws you but does no damage.
You shoot a sling bullet. The sling bullet hits Pargi.
Pargi is heavily wounded.
Pargi bites you. Pargi claws you but does no damage. Pargi barely misses you.
2255 ||| READING 4 scrolls of teleportation.
As you read the scroll of teleportation, it crumbles to dust.
You feel strangely unstable. Pargi bites you.
Pargi claws you but does no damage. x2
You shoot a sling bullet. The sling bullet hits Pargi.
Pargi is heavily wounded.
Pargi bites you.
You die...

#..'..\....\#
####.~~~.####
####.~~~.####
#..'.~~~.'..#
####.~~~.####
####.~~~.####
#).'.~~~.'..#
####.~~~.####
####.~~~@#
#?.%.~~~.T..#
#############
#~~~# #~~~#
#~~~# #~~~#
#~~~# ~~~#


You could see Pargi.

Vanquished Creatures
  3 adders (D:2)
  2 river rats (D:3)
  A worm (D:3)
  5 dart slugs
  5 bats
  5 endoplasms
  8 goblins
  6 hobgoblins
  5 kobolds
  3 quokkas
  3 ball pythons (D:1)
  5 frilled lizards
  6 rats
57 creatures vanquished.

Notes
Turn   | Place    | Note
-------+----------+-------------------------------------------
     0 | D:1      | qw the Gargoyle Hexslinger began the quest for the Orb.
     0 | D:1      | Reached XP level 1. HP: 12/12 MP: 2/2
     0 | D:1      | 0 ||| qw: Version: 0.3-a-46-gb1f654a
     0 | D:1      | 0 ||| qw: Game counter: 2084
     0 | D:1      | 0 ||| qw: Melee chars always use a shield: true
     0 | D:1      | 0 ||| qw: God list: Okawaru
     0 | D:1      | 0 ||| qw: Allow faded altars: false
     0 | D:1      | 0 ||| qw: Do Orc after clearing Dungeon:15 true
     0 | D:1      | 0 ||| qw: Do second Lair branch before Depths: true
     0 | D:1      | 0 ||| qw: Lair rune preference: random
     0 | D:1      | 0 ||| qw: Goals: Normal
     0 | D:1      | 0 ||| PLANNING D:1-11
   114 | D:1      | Reached XP level 2. HP: 16/16 MP: 3/3
   161 | D:1      | Reached skill level 3 in Ranged Weapons
   435 | D:1      | Reached XP level 3. HP: 21/21 MP: 4/4
   705 | D:1      | 705 ||| READING scroll labelled FOSTRA NAMEELA.
   706 | D:1      | 706 ||| READING scroll labelled XALATI YTEBLESAE.
   707 | D:1      | 707 ||| DROPPING scroll of poison.
  1190 | D:2      | Reached XP level 4. HP: 26/26 MP: 5/5
  1553 | D:2      | 1553 ||| UPGRADING to +0 pair of gloves.
  1558 | D:2      | 1558 ||| UPGRADING to +0 leather armour.
  1568 | D:2      | 1568 ||| DROPPING +0 robe.
  1569 | D:2      | 1569 ||| UPGRADING to +0 cloak.
  1574 | D:2      | 1574 ||| READING scroll labelled TUEG QAQUFF.
  1575 | D:2      | 1575 ||| DRINKING 2 bubbling coppery potions.
  1575 | D:2      | Gained mutation: Your flesh is cold resistant. (rC+)
                  | [potion of mutation]
  1576 | D:2      | 1576 ||| READING 3 scrolls of identify.
  1576 | D:2      | 1576 ||| IDENTIFYING fizzy dark potion
  1577 | D:2      | 1577 ||| READING 2 scrolls of identify.
  1577 | D:2      | 1577 ||| IDENTIFYING viscous red potion
  1609 | D:3      | 1609 ||| PLANNING SEWER
  1785 | D:3      | 1785 ||| STAIRDANCE
  1789 | D:2      | Reached skill level 4 in Ranged Weapons
  1807 | D:2      | 1807 ||| READING scroll labelled VUGIWI CEOPU.
  1808 | D:2      | 1808 ||| READING 4 scrolls of identify.
  1808 | D:2      | 1808 ||| IDENTIFYING cyan potion
  1809 | D:2      | 1809 ||| READING 3 scrolls of identify.
  1809 | D:2      | 1809 ||| IDENTIFYING smoky silvery potion
  1967 | D:3      | HP: 6/26 [river rat (4)]
  1968 | D:3      | 1968 ||| DRINKING potion of heal wounds.
  1983 | D:3      | HP: 5/26 [worm (5)]
  2081 | D:3      | Found a glowing drain.
  2082 | D:3      | 2082 ||| READING 2 scrolls labelled KYPRUDGH FONTAR.
  2134 | Sewer    | Entered a sewer
  2145 | Sewer    | Identified the ring of Vogegg {Will+ AC+4 Int+2}
  2190 | Sewer    | Reached XP level 5. HP: 30/30 MP: 6/6
  2244 | Sewer    | Noticed Pargi
  2254 | Sewer    | HP: 7/30 [Pargi (6)]
  2255 | Sewer    | 2255 ||| READING 4 scrolls of teleportation.
  2255 | Sewer    | HP: 1/30 [Pargi (6)]
  2256 | Sewer    | Slain by Pargi

Levels and vault maps discovered:
D:1:      nagdon_arrival_double_spiral, layout_loops_cross, kennysheep_boxes
D:2:      layout_loops_corners, kennysheep_minor_cross
D:3:      layout_rooms, lightli_sewer_entry_pipes,
          dreamdust_ecumenical_altar_angels_and_demons
Sewer:    kennysheep_door_sewer

Skill      XL: |  1  2  3  4 |
---------------+-------------+-----
Ranged Weapons | 3 4 |  4.7
Fighting       | 2 |  2.0
Dodging        | |  1.5
Spellcasting   | |  1.0
Hexes          | |  2.6

Action                     |  1- 3 |  4- 6 || total
---------------------------+-------+-------++-------
   Fire: Sling             |   109 |    97 ||   206
    Use: Scroll            |     2 |     8 ||    10
         Potion            |       |     2 ||     2
 Armour: Robe              |    18 |       ||    18
         Leather armour    |       |    34 ||    34
  Dodge: Dodged            |    42 |    42 ||    84

Table legend:
 A = Non-vault XP
 B = Vault XP
 C = Vault XP percentage of total XP
 D = Non-vault monster count
 E = Vault monster count
 F = Vault count percentage of total count
                 A         B        C        D         E       F
            +---------+---------+-------+---------+---------+-------
      Total |     128 |      37 |  22.4 |      50 |       7 |  12.3
            +---------+---------+-------+---------+---------+-------
        D:1 |      49 |       0 |   0.0 |      26 |       0 |   0.0
        D:2 |      48 |       0 |   0.0 |       8 |       0 |   0.0
        D:3 |      31 |      32 |  50.8 |      16 |       3 |  15.8
      Sewer |       0 |       5 | 100.0 |       0 |       4 | 100.0
            +---------+---------+-------+---------+---------+-------
